 Dungeon Crawl Stone Soup version 0.22.0 (webtiles) character file.

281 BigChef the Poker (level 6, -9/48 HPs)
             Began as a Demonspawn Chaos Knight on Aug 20, 2018.
             Killed by nerve-wracking pain
             ... invoked by an orc priest
              (12 damage)
             ... on level 3 of the Dungeon.
             The game lasted 00:04:50 (2429 turns).

BigChef the Poker (Demonspawn Chaos Knight)         Turns: 2429, Time: 00:04:51

Health: -9/48      AC:  6    Str: 14      XL:     6   Next: 6%
Magic:  6/6        EV:  9    Int: 10 (11) God:    Xom [.*....]
Gold:   122        SH: 13    Dex: 10 (13) Spells: 5/5 levels left

rFire    . . .     SeeInvis .   a - +1 spear (chaos)
rCold    . . .     Gourm    .   f - +2 large shield
rNeg     . . .     Faith    .   b - +2 leather armour
rPois    .         Spirit   .   (no helmet)
rElec    .         Reflect  .   e - +0 cloak
rCorr    +         Harm     .   (no gloves)
MR       .....                  (no boots)
Stlth    +.........             (no amulet)
HPRegen  0.16/turn              j - ring of resist corrosion
MPRegen  0.10/turn              (no ring)

@: about to teleport
A: repulsion field 1, deterioration 1, dopey 1, rot immunity
a: Renounce Religion


You were on level 3 of the Dungeon.
You worshipped Xom.
You were a plaything of Xom.
You were not hungry.

You visited 1 branch of the dungeon, and saw 3 of its levels.

You collected 122 gold pieces.

Inventory:

Hand Weapons
 a - a +1 spear of chaos (weapon)
Armour
 b - a +2 leather armour (worn)
 e - a +0 cloak (worn)
 f - a +2 large shield (worn)
Jewellery
 j - a ring of resist corrosion (left hand)
Scrolls
 d - a scroll of enchant weapon
 g - 3 scrolls of identify
Comestibles
 c - 2 rations


   Skills:
 + Level 3.8 Fighting
 + Level 4.2 Polearms
 + Level 2.7 Armour
 + Level 2.1 Dodging
 + Level 1.8 Stealth
 + Level 1.1 Shields


You had 5 spell levels left.
You didn't know any spells.
Your spell library was empty.

Dungeon Overview and Level Annotations

Branches:
Dungeon (3/15)

Altars:
Gozag
Yredelemnul


Innate Abilities, Weirdness & Mutations

You are surrounded by a mild repulsion field. (EV +2)
You are immune to rotting.
Your body sometimes deteriorates upon taking damage.
You are dopey. (Int -2)


Message History

The orc priest is heavily wounded.
The orc priest barely misses you.
You barely miss the orc priest.
The orc priest is severely wounded.
You block the orc priest's attack.
The orc priest mumbles some strange prayers to Beogh against you.
Beogh smites you! The orc priest hits you with a whip.
* * * LOW HITPOINT WARNING * * *
You are too injured to fight recklessly!
You are too injured to fight recklessly!
You are too injured to fight recklessly!
Unknown command.
As you read the scroll of teleportation, it crumbles to dust.
You feel strangely unstable. You block the orc priest's attack.
The orc priest mumbles some strange prayers to Beogh against you.
Beogh smites you!
* * * LOW HITPOINT WARNING * * *
The orc priest calls down the wrath of Beogh upon you.
Pain shoots through your body!
You die...

.....#. ############ .....
#..........# ....
#..........# #o.
#..........# #)# ..
###..........### #o# ....
....†........+.###o#.....
########.....#.#..........
.......'......))@.........
########......#...........
#####...#...........
##..................#
#........##.##......#
#........##.# ##..###
#.......###.. ..#
#.......# ##. .# #.......#


You could see an orc priest and an orc.

Vanquished Creatures
  2 howler monkeys
  A hound (D:3)
  4 gnolls (D:2)
  5 adders
  2 oozes
  A worm (D:3)
  A dart slug (D:1)
  4 leopard geckos
  4 orcs (D:3)
  14 bats
  2 giant cockroaches
  7 goblins
  6 hobgoblins
  6 jackals (D:2)
  6 kobolds
  A frilled lizard (D:3)
  11 rats
77 creatures vanquished.

Vanquished Creatures (collateral kills)
  A giant cockroach (D:2)
1 creature vanquished.

Grand Total: 78 creatures vanquished

Notes
Turn   | Place    | Note
-------+----------+-------------------------------------------
     0 | D:1      | BigChef the Demonspawn Chaos Knight began the quest for the Orb.
     0 | D:1      | Reached XP level 1. HP: 18/18 MP: 1/1
    32 | D:1      | Reached skill level 3 in Polearms
    45 | D:1      | Gained mutation: You are surrounded by a mild repulsion field. (EV +2) [demonic ancestry]
    45 | D:1      | Reached XP level 2. HP: 4/24 MP: 2/2
   115 | D:1      | XOM: harmless Erth miscast
   228 | D:1      | XOM: divination: detect items
   290 | D:1      | XOM: cloud trail
   428 | D:1      | XOM: god gift: scroll labeled YFOGIJ SAKKUWA {god gift}
   645 | D:1      | Reached skill level 1 in Dodging
   705 | D:1      | Reached XP level 3. HP: 29/29 MP: 3/3
  1030 | D:1      | You fall through a shaft!
  1056 | D:2      | XOM: potion effect (might)
  1057 | D:2      | XOM: divination: magic mapping
  1068 | D:2      | XOM: harmless Erth miscast
  1071 | D:2      | XOM: summons friendly quasit
  1106 | D:2      | Reached XP level 4. HP: 35/35 MP: 4/4
  1143 | D:2      | Reached skill level 1 in Stealth
  1154 | D:2      | Reached skill level 4 in Polearms
  1154 | D:2      | Reached XP level 5. HP: 36/41 MP: 5/5
  1267 | D:2      | Found a basalt altar of Yredelemnul.
  1314 | D:2      | XOM: summons 2 hostile demons
  1579 | D:2      | XOM: divination: detect creatures
  1918 | D:3      | Found an opulent altar of Gozag.
  1962 | D:3      | XOM: harmless Hex miscast
  1987 | D:3      | XOM: 9-stop teleportation journey
  2088 | D:3      | XOM: polymorph orc -> howler monkey
  2089 | D:3      | Reached skill level 1 in Shields
  2097 | D:3      | Gained mutation: You are immune to rotting. [demonic ancestry]
  2097 | D:3      | Reached XP level 6. HP: 6/48 MP: 6/6
  2108 | D:3      | XOM: medium Erth miscast
  2108 | D:3      | HP: 2/48 [something (6)]
  2239 | D:3      | XOM: give mutations
  2239 | D:3      | Gained mutation: Your body sometimes deteriorates upon taking damage. [Xom's mischief]
  2239 | D:3      | Gained mutation: You are dopey. (Int -2) [Xom's mischief]
  2429 | D:3      | Killed from afar by an orc priest

Skill      XL: |  1  2  3  4  5 |
---------------+----------------+-----
Polearms       | 3 4 |  4.2
Dodging        | 1 2 |  2.1
Armour         | 2 |  2.7
Stealth        | 1 |  1.8
Shields        | 1 |  1.1
Fighting       | |  3.8

Action                   |  1- 3 |  4- 6 || total
-------------------------+-------+-------++-------
Melee: Spear             |   105 |   194 ||   299
  Use: Scroll            |     5 |     4 ||     9
       Potion            |     3 |     1 ||     4
 Stab: Petrified         |     3 |       ||     3
       Paralysed         |       |     1 ||     1
       Sleeping          |       |     1 ||     1
  Eat: Chunk             |       |     3 ||     3
       Ration            |       |     1 ||     1
Armor: Leather armour    |    29 |    92 ||   121
Dodge: Dodged            |    74 |   159 ||   233
Block: Large shield      |       |    50 ||    50
